 Seeded DCSS version 0.29-a0-1047-g7c58e119a4 (webtiles) character file.

Game seed: 7296620447873847827 (custom seed)

7025 voltaire321 the Thaumaturge (level 10, -3/58 HPs)
             Began as a Deep Elf Earth Elementalist on Aug 16, 2022.
             Was an Elder of Vehumet.
             Succumbed to a hornet's poison
             ... on level 9 of the Dungeon.
             The game lasted 00:34:46 (8053 turns).

voltaire321 the Thaumaturge (DEEE)                  Turns: 8053, Time: 00:34:46

Health: -3/58      AC:  3    Str:  7    XL:     10   Next: 82%
Magic:  13/24      EV: 15    Int: 26    God:    Vehumet [****..]
Gold:   605        SH: 13    Dex: 15    Spells: 14/26 levels left

rFire   . . .      SeeInvis +   z - +3 scimitar (freeze)
rCold   + . .      Faith    .   e - +3 buckler
rNeg    . . .      Spirit   .   o - +0 robe of the End {rElec rC+ Regen+ Int+3}
rPois   .          Reflect  +   E - +0 helmet
rElec   +          Harm     .   (no cloak)
rCorr   .          Rampage  .   (no gloves)
Will    +....                   (no boots)
Stlth   +++.......              u - amulet of reflection
HPRegen 0.99/turn               a - ring of see invisible
MPRegen 0.19/turn               (no ring)

@: lethally poisoned (-3 -> -15)
A: no striking features
a: Renounce Religion


You were on level 9 of the Dungeon.
You worshipped Vehumet.
Vehumet was greatly pleased with you.
You visited 2 branches of the dungeon, and saw 10 of its levels.

You collected 605 gold pieces.

Inventory:

Hand Weapons
 q - a +1 dagger of electrocution
 z - a +3 scimitar of freezing (weapon)
 D - a +4 short sword of venom
 G - the +12 pair of quick blades "Gyre" and "Gimble" {protect}
   (You found it on level 8 of the Dungeon)

   It grants its wielder temporary protection when it strikes (+7 to AC).
Armour
 e - a +3 buckler (worn)
 o - the +0 robe of the End (worn) {rElec rC+ Regen+ Int+3}
   (You found it on level 2 of the Dungeon)

   Int:       It affects your intelligence (+3).
   rC:        It protects you from cold.
   rElec:     It insulates you from electricity.
   Regen:     It increases your rate of health regeneration.
 E - a +0 helmet (worn)
Magical Staves
 p - a staff of conjuration
Jewellery
 a - a ring of see invisible (left hand)
 u - an amulet of reflection (around neck)
Wands
 g - a wand of charming (23)
 j - a wand of flame (54)
 n - a wand of light (7)
 w - a wand of iceblast (10)
 y - a wand of digging (10)
Scrolls
 f - a scroll of fear {unknown}
 k - 11 scrolls of teleportation
 r - a scroll of blinking
 x - 3 scrolls of identify
 A - a scroll of vulnerability {unknown}
 B - 2 scrolls of brand weapon
 C - a scroll of poison
Potions
 b - a potion of magic
 c - 2 potions of lignification
 d - 4 potions of heal wounds
 h - a potion of haste
 i - 3 potions of curing {unknown}
 l - 2 potions of brilliance
 m - a potion of might {unknown}
 s - 2 potions of ambrosia {unknown}
 t - a potion of mutation {unknown}
 v - 2 potions of flight {unknown}
 F - a potion of invisibility {unknown}


   Skills:
 + Level 4.9 Fighting
 + Level 7.9 Dodging
 - Level 7.0 Stealth
 - Level 4.0 Shields
 + Level 8.6 Spellcasting
 + Level 6.4 Conjurations
 + Level 5.1 Summonings
 - Level 2.0 Transmutations
 - Level 4.0 Ice Magic
 + Level 7.4 Earth Magic


You had 14 spell levels left.
You knew the following spells:

 Your Spells              Type           Power      Damage    Failure   Level
a - Sandblast             Erth           98%        2d20      1%          1
b - Passwall              Tmut/Erth      29%        N/A       1%          2
c - Stone Arrow           Conj/Erth      94%        3d12      1%          3
d - Call Canine Familiar  Summ           37%        N/A       2%          3
e - Frozen Ramparts       Ice            64%        1d10      1%          3

Your spell library contained the following spells:

 Spells                   Type           Power      Damage    Failure   Level
 Ignite Poison            Fire/Tmut/Pois 14%        N/A       4%          3
 Freeze                   Ice            100%       1d11      1%          1
 Magic Dart               Conj           100%       1d8       1%          1
 Shock                    Conj/Air       100%       1d9       1%          1
 Summon Small Mammal      Summ           100%       N/A       1%          1
 Call Imp                 Summ           37%        N/A       1%          2
 Scorch                   Fire           22%        2d6       2%          2
 Mephitic Cloud           Conj/Pois/Air  22%        N/A       2%          3
 Hailstorm                Conj/Ice       38%        3d9       2%          4
 Animate Armour           Summ/Erth      86%        N/A       4%          4
 Flame Wave               Conj/Fire      27%        2d9       5%          4
 Summon Guardian Golem    Hex/Summ       24%        N/A       7%          3
 Petrify                  Tmut/Erth      35%        N/A       10%         4
 Airstrike                Air            5%         2d(1-17)  17%         4
 Swiftness                Air            11%        N/A       21%         3
 Anguish                  Hex/Necr       5%         N/A       54%         4
 Summon Cactus Giant      Summ           18%        N/A       77%         6
 Lehudib's Crystal Spear  Conj/Erth      23%        10d7      99%         8
 Enfeeble                 Hex            5%         N/A       100%        7


Dungeon Overview and Level Annotations

Branches:
Dungeon (9/15)             Temple (1/1) D:4            Lair (0/5) D:8
    Orc: D:9-12

Altars:
Ashenzari
Cheibriados
Dithmenos
Elyvilon
Fedhas
Gozag
Hepliaklqana
Kikubaaqudgha
Makhleb
Nemelex Xobeh
Okawaru
Qazlal
Ru
Sif Muna
Trog
Uskayaw
Vehumet
Wu Jian
Xom
Yredelemnul
Zin
The Shining One

Shops:
D:6 :   D:8 (


Message History

Aim: a hornet (asleep, 100% to hit)
The stone arrow hits the hornet!
The hornet is heavily wounded.
The hornet buzzes angrily.
You hear a bellow! x3
Casting: Stone Arrow (safe; 1% risk of failure)
Confirm with . or Enter, or press ? or * to list all spells.
Aiming: Stone Arrow (safe; 1% risk of failure)
Press: ? - help, Shift-Dir - straight line, f/p - hornet
Aim: a hornet (heavily wounded, 64% to hit)
The stone arrow misses the hornet.
Casting: Stone Arrow (safe; 1% risk of failure)
Confirm with . or Enter, or press ? or * to list all spells.
Aiming: Stone Arrow (safe; 1% risk of failure)
Press: ? - help, Shift-Dir - straight line, f/p - hornet
Aim: a hornet (heavily wounded, 64% to hit)
The stone arrow hits the hornet!
The hornet is almost dead.
The hornet stings you!
You suddenly lose the ability to move!
The hornet stings you!
You are poisoned.
You feel yourself slow down.
You feel yourself speed up.
You feel very sick. The hornet stings you!
You feel yourself slow down.
You feel very sick. The hornet stings you.
* * * LOW HITPOINT WARNING * * *
You shrug off the repeated paralysis!
The hornet stings you!
* * * LOW HITPOINT WARNING * * *
You are lethally poisoned!
You shrug off the repeated paralysis!
You can move again.
Casting: Stone Arrow (safe; 1% risk of failure)
Confirm with . or Enter, or press ? or * to list all spells.
Aiming: Stone Arrow (safe; 1% risk of failure)
Press: ? - help, Shift-Dir - straight line, f/p - hornet
Aim: a hornet (almost dead, 64% to hit)
The stone arrow misses the hornet.
You feel yourself speed up.
You die...

#.............#
#.###########.# #.#
#.# #####.# #.#
....#.# #.#
###.#.### #.#
>.....<.# #.#
###.#.#.#.#######.#
#.#...#......y@.#
#.###############
#.# #.# #.# #.#


You could see a hornet.

Vanquished Creatures
  2 two-headed ogres (D:8)
  A hornet (D:9)
  A spriggan (D:8)
  A shadow (D:9)
  2 wyverns (D:9)
  Grum (D:8)
  2 steam dragons
  Duvessa (D:4)
  An orc warrior (D:8)
  3 sky beasts (D:7)
  2 ice beasts
  4 black bears
  4 ogres
  2 wolves (D:8)
  5 centaurs
  3 kobold brigands
  5 bullfrogs
  2 necrophages
  3 scorpions
  A gnoll sergeant (D:7)
  10 wights
  Dowan (D:4)
  9 killer bees (D:9)
  3 howler monkeys (D:9)
  4 hounds
  2 jellies
  3 orc priests
  A gnoll bouda (D:6)
  3 iguanas
  7 orc wizards
  A mummy (D:7)
  8 gnolls
  6 adders
  An ufetubus (D:5)
  2 worms (D:2)
  2 dart slugs
  34 orcs
  4 ball pythons
  5 bats
  11 endoplasms
  8 giant cockroaches
  5 goblins
  8 hobgoblins
  4 jackals (D:1)
  2 quokkas
  7 frilled lizards
  15 kobolds
  2 kobold zombies (D:7)
  2 orc zombies (D:7)
  5 rats
221 creatures vanquished.

Vanquished Creatures (others)
  A kobold (D:8)
1 creature vanquished.

Grand Total: 222 creatures vanquished

Notes
Turn   | Place    | Note
-------+----------+-------------------------------------------
     0 | D:1      | voltaire321 the Deep Elf Earth Elementalist began the quest
                  | for the Orb.
     0 | D:1      | Reached XP level 1. HP: 10/10 MP: 6/6
   168 | D:1      | Reached XP level 2. HP: 13/15 MP: 4/8
   233 | D:1      | Found a faded altar of an unknown god.
   506 | D:1      | Reached XP level 3. HP: 20/20 MP: 4/9
   751 | D:2      | Learned a level 2 spell: Passwall
  1413 | D:2      | Identified the +0 robe of the End {rElec rC+ Regen+ Int+3}
  1613 | D:3      | Learned a level 3 spell: Stone Arrow
  1672 | D:3      | Reached XP level 4. HP: 24/24 MP: 6/11
  1686 | D:3      | Reached skill level 1 in Shields
  2031 | D:3      | Noticed an ogre
  2051 | D:3      | Reached skill level 1 in Fighting
  2306 | D:3      | Noticed a black bear
  2311 | D:3      | Killed a black bear
  2312 | D:3      | Reached skill level 4 in Spellcasting
  2312 | D:3      | Reached skill level 1 in Conjurations
  2312 | D:3      | Reached XP level 5. HP: 9/29 MP: 8/13
  2492 | D:4      | Found a radiant altar of Vehumet.
  2509 | D:4      | Became a worshipper of Vehumet
  2550 | D:4      | Noticed a black bear
  2566 | D:4      | Killed a black bear
  2567 | D:4      | Reached XP level 6. HP: 22/34 MP: 9/14
  2845 | D:4      | Found a staircase to the Ecumenical Temple.
  2899 | D:4      | Noticed Duvessa
  2899 | D:4      | Noticed Dowan
  2958 | D:4      | Killed Duvessa
  2959 | D:4      | Reached XP level 7. HP: 27/39 MP: 6/16
  2973 | D:4      | Killed Dowan
  3170 | Temple   | Entered the Ecumenical Temple
  3231 | D:5      | Entered Level 5 of the Dungeon
  3305 | D:5      | Reached skill level 5 in Spellcasting
  3511 | D:5      | Reached skill level 5 in Stealth
  3511 | D:5      | Reached * piety under Vehumet
  3511 | D:5      | Offered knowledge of Foxfire by Vehumet.
  3541 | D:5      | Reached skill level 5 in Earth Magic
  3708 | D:5      | Reached XP level 8. HP: 42/45 MP: 13/18
  3811 | D:5      | Reached skill level 5 in Dodging
  4005 | D:6      | Found Micuru Ibia's Vocational Training.
  4211 | D:6      | Learned a level 3 spell: Call Canine Familiar
  4601 | D:6      | Reached skill level 6 in Spellcasting
  4693 | D:6      | Found a sparkling altar of Nemelex Xobeh.
  4694 | D:6      | Found a hazy altar of Hepliaklqana.
  4695 | D:6      | Found a sacrificial altar of Ru.
  4699 | D:6      | Reached skill level 1 in Summonings
  4699 | D:6      | Found a burning altar of Makhleb.
  5023 | D:7      | Reached XP level 9. HP: 51/51 MP: 5/20
  5045 | D:7      | Offered knowledge of Static Discharge by Vehumet.
  5227 | D:7      | Reached ** piety under Vehumet
  6061 | D:7      | Offered knowledge of Poisonous Vapours by Vehumet.
  6067 | D:7      | Learned a level 3 spell: Frozen Ramparts
  6186 | D:8      | Found Kealiwk's Weapon Shop.
  6198 | D:8      | Reached skill level 7 in Spellcasting
  6265 | D:8      | Noticed a two-headed ogre
  6265 | D:8      | Noticed a two-headed ogre
  6356 | D:8      | Reached skill level 5 in Conjurations
  6376 | D:8      | Reached skill level 1 in Ice Magic
  6435 | D:8      | Reached *** piety under Vehumet
  6732 | D:8      | Noticed Grum
  6742 | D:8      | Killed a two-headed ogre
  6742 | D:8      | Killed Grum
  6743 | D:8      | Reached XP level 10. HP: 58/58 MP: 17/23
  6933 | D:8      | Found the +12 pair of quick blades "Gyre" and "Gimble"
                  | {protect}
  6974 | D:8      | Killed a two-headed ogre
  6975 | D:8      | Reached skill level 8 in Spellcasting
  7163 | D:8      | Found a staircase to the Lair.
  7565 | D:9      | Offered knowledge of Ignite Poison by Vehumet.
  7870 | D:9      | Reached **** piety under Vehumet
  7871 | D:9      | Reached skill level 5 in Summonings
  8050 | D:9      | Paralysed by a hornet for 3 turns
  8053 | D:9      | Succumbed to a hornet's poison

Illustrated notes

Levels and vault maps discovered:
D:1:      lemuel_arrival_tunnels, layout_rooms, dreamdust_ecumenical_altar_grove
D:2:      layout_rooms
D:3:      layout_loops_cross
D:4:      layout_rooms, mainiacjoe_overflow_brackets, temple_doors_e,
          minmay_stone_trees_small, small_statue_intersection, st_stairs_14,
          uniq_duvessa
D:5:      layout_rooms, dk_noncrumbling_2, grunt_decor_one_mirror, hex_tiny,
          cheibrodos_gnoll_hut
D:6:      layout_gridville, mainiacjoe_overflow_alcove_3,
          nicolae_shop_vocational
D:7:      layout_layer_cave, minmay_mini_ossuary
D:8:      layout_cave_pods, dpeg_oklobed_lair, serial_shops, nicolae_shop_stone,
          hellmonk_guarded_unrand_gyre_and_gimble, uniq_grum
D:9:      layout_basic, minmay_orc_entry_temple_small
Temple:   sentei_temple_godly_chess

Skill      XL: |  1  2  3  4  5  6  7  8  9 10 |
---------------+-------------------------------+-----
Stealth        | 3 4 5 6 7 |  7.0
Transmutations | 2 |  2.0
Dodging        | 3 4 5 7 |  7.9
Shields        | 1 2 3 4 |  4.0
Fighting       | 1 2 3 4 |  4.9
Spellcasting   | 4 5 6 7 8 |  8.6
Conjurations   | 1 2 3 4 5 6 |  6.4
Earth Magic    | 4 5 6 7 |  7.4
Summonings     | 1 3 5 |  5.1
Ice Magic      | 2 4 |  4.0

Action                   |  1- 3 |  4- 6 |  7- 9 | 10-12 || total
-------------------------+-------+-------+-------+-------++-------
Melee: Short sword       |     3 |     4 |    13 |       ||    20
       Scimitar          |       |       |    14 |     3 ||    17
 Cast: Sandblast         |    75 |    65 |    82 |    22 ||   244
       Stone Arrow       |       |     2 |    78 |    45 ||   125
  Use: Scroll            |     2 |     1 |    11 |       ||    14
 Stab: Sleeping          |       |     2 |     2 |       ||     4
Armor: Robe              |     7 |     2 |     6 |     4 ||    19
Dodge: Dodged            |    25 |    16 |    42 |    20 ||   103
Block: Buckler           |    10 |    13 |    39 |    30 ||    92
       Reflection        |       |       |    14 |     5 ||    19

Table legend: (Time is in decaauts)
 A = Elapsed time spent in this place.
 B = Non-inter-level travel time spent in this place.
 C = Inter-level travel time spent in this place.
 D = Time resting spent in this place.
 E = Time spent auto-exploring this place.
 F = Levels seen in this place.
 G = Mean time per level.
                   A        B        C        D        E       F      G
               +--------+--------+--------+--------+--------+-----+--------+
         Total |   8183 |   7804 |    379 |   2070 |   3678 |  10 |  818.3 |
       Dungeon |   8175 |   7796 |    379 |   2070 |   3678 |   9 |  908.3 |
        Temple |      7 |      7 |      0 |      0 |      0 |   1 |    7.0 |
               +--------+--------+--------+--------+--------+-----+--------+

Top non-repeatable levels by time:
     D:8: 1383 daAuts
     D:7: 1307 daAuts
     D:1: 921 daAuts
     D:3: 918 daAuts
     D:6: 914 daAuts
     D:4: 760 daAuts
     D:5: 750 daAuts
     D:2: 696 daAuts
     D:9: 523 daAuts
  Temple: 7 daAuts
